 Dungeon Crawl Stone Soup version 0.21.1-1-g345015f (webtiles) character file.

766 iamserjio the Ducker (level 7, -12/51 HPs)
             Began as an Octopode Monk on Apr 8, 2018.
             Was a Believer of Yredelemnul.
             Killed by divine providence
             ... invoked by an orc priest
              (14 damage)
             ... on level 5 of the Dungeon.
             The game lasted 00:14:13 (4135 turns).

iamserjio the Ducker (Octopode Monk)                Turns: 4135, Time: 00:14:14

Health: -12/51     AC:  1    Str: 11    XL:     7   Next: 82%
Magic:  7/7        EV: 12    Int: 12    God:    Yredelemnul [**....]
Gold:   222        SH: 14    Dex: 18    Spells: 6/6 levels left

rFire    . . .     SeeInvis .   s - +0 dagger (pain)
rCold    . . .     Gourm    .   y - +3 large shield "Immegg" {rN+ MR- Dex+2 Stlth+}
rNeg     + . .     Faith    .   (helmet restricted)
rPois    .         Spirit   .   (no amulet)
rElec    .         Reflect  .   (no ring)
rCorr    .         Harm     .   (no ring)
MR       .....                  (no ring)
Stlth    +++++.....             (no ring)
HPRegen  0.17/turn              (no ring)
MPRegen  0.10/turn              (no ring)
                                (no ring)
                                (no ring)

@: lethally poisoned (-12 -> -13), slowed, very slow
A: almost no armour, stealthy swim, amphibious, 8 rings, constrict 8, camouflage
1, gelatinous body 1
a: Animate Remains, Recall Undead Slaves, Injury Mirror, Renounce Religion


You were on level 5 of the Dungeon.
You worshipped Yredelemnul.
Yredelemnul was pleased with you.
You were not hungry.

You visited 1 branch of the dungeon, and saw 5 of its levels.

You collected 222 gold pieces.

Inventory:

Hand Weapons
 a - a +0 short sword
 n - a +2 whip of venom
 o - a +1 halberd of protection
 p - a +0 spear of venom
 s - a +0 dagger of pain (weapon)
 x - a +0 mace of protection
 B - a +1 mace of crushing
Armour
 y - the +3 large shield "Immegg" (worn) {rN+ MR- Dex+2 Stlth+}
   (You found it on level 4 of the Dungeon)

   It affects your dexterity (+2).
   It protects you from negative energy.
   It affects your resistance to hostile enchantments.
   It makes you more stealthy.
Jewellery
 g - a +4 ring of protection {unknown}
 l - an uncursed ring of positive energy {unknown}
 m - an uncursed ring of fire {unknown}
 q - an uncursed amulet of regeneration {unknown}
 r - an uncursed ring of positive energy {unknown}
Wands
 w - a wand of enslavement (4)
 D - a wand of polymorph (12)
Scrolls
 c - a scroll of magic mapping {unknown}
 d - 4 scrolls of blinking
 e - 2 scrolls of remove curse
 f - a scroll of fog {unknown}
 i - 6 scrolls of identify
 k - a scroll of enchant weapon {unknown}
 t - a scroll of amnesia {unknown}
 A - 3 scrolls of random uselessness {unknown}
Potions
 h - 2 potions of degeneration {unknown}
 j - 2 potions of heal wounds {unknown}
 u - a potion of invisibility {unknown}
 v - a potion of curing {unknown}
 z - a potion of ambrosia {unknown}
Comestibles
 b - 5 rations


   Skills:
 * Level 5.9 Fighting
 - Level 3.0 Short Blades
 * Level 6.0 Dodging
 + Level 5.8 Stealth
 + Level 1.2 Shields


You had 6 spell levels left.
You didn't know any spells.

Dungeon Overview and Level Annotations

Branches:
Dungeon (5/15)
 Temple: D:4-7

Altars:
Cheibriados
Fedhas
Kikubaaqudgha
Trog
Yredelemnul

Annotations:
D:4 Curus's ghost, novice MiFi


Innate Abilities, Weirdness & Mutations

You cannot wear most types of armour.
You are very stealthy in the water. (Stealth+)
You are amphibious.
You can wear up to eight rings at the same time.
You can use your tentacles to constrict eight enemies at once.
Your skin changes colour to match your surroundings (Stealth+).
Your rubbery body absorbs attacks. (AC +1, EV +1)


Message History

The orc wizard mumbles some strange words.
The orc wizard seems to speed up.
The orc wizard mumbles some strange words.
The orc wizard blinks!
A worm comes into view.
The orc wizard casts a spell at you. The magic dart hits you!
You feel sick.
An adder skeleton comes into view.
The orc wizard gestures at you while chanting.
The magic dart hits you!
* * * LOW HITPOINT WARNING * * *
The orc priest mumbles some strange prayers to Beogh against you.
Pain shoots through your body!
* * * LOW HITPOINT WARNING * * *
An orc wizard comes into view. It is wielding a dagger.
The orc priest calls down the wrath of Beogh upon you.
Beogh smites you!
You die...
Your body rises from the dead as a mindless zombie.

#..........#....##.#
...####o####.........###
#.# ###.......... #5#
####.#..### #.#
#######.#..#
##.###....).....#
#..............####
#......#####.......
#.@...........####.
..#####.###########.# #.
...w....# #.# #.
..####..# #.# #.
..######.o# #.# #.
........(o# #.# #.
#####....# #.# #.
#.##Z######## #.# #.
.######.#.o........ #.#
#.


You could see an orc priest, an orc wizard (wandering), a crimson imp
(wandering), an orc and an adder skeleton (wandering).

Vanquished Creatures
  An ogre (D:4)
  A centaur (D:5)
  A bullfrog (D:3)
  A scorpion (D:4)
  An orc wizard (D:3)
  Crazy Yiuf (D:4)
  A bullfrog zombie (D:5)
  An orc priest (D:3)
  Terence (D:3)
  2 iguanas (D:5)
  3 worker ants
  2 worker ant zombies (D:5)
  3 gnolls (D:2)
  7 adders
  2 oozes
  2 worms (D:2)
  2 dart slugs
  3 leopard geckos
  12 orcs
  5 giant cockroaches
  8 goblins
  5 hobgoblins
  9 jackals
  10 kobolds
  A quokka (D:2)
  A ball python (D:3)
  10 bats
  5 frilled lizards
  A jackal zombie (D:5)
  7 rats
109 creatures vanquished.

Vanquished Creatures (others)
  A gnoll skeleton (D:4)
1 creature vanquished.

Grand Total: 110 creatures vanquished

Notes
Turn   | Place    | Note
-------+----------+-------------------------------------------
     0 | D:1      | iamserjio the Octopode Monk began the quest for the Orb.
     0 | D:1      | Reached XP level 1. HP: 16/16 MP: 1/1
   153 | D:1      | Reached XP level 2. HP: 21/21 MP: 2/2
   292 | D:1      | Reached XP level 3. HP: 16/26 MP: 3/3
   980 | D:2      | Found a blossoming altar of Fedhas.
  1049 | D:2      | Reached XP level 4. HP: 22/33 MP: 4/4
  1235 | D:2      | Reached skill level 4 in Dodging
  1688 | D:3      | Reached XP level 5. HP: 22/37 MP: 5/5
  2075 | D:3      | Reached XP level 6. HP: 43/44 MP: 6/6
  2153 | D:3      | Noticed Terence
  2157 | D:3      | Killed Terence
  2157 | D:3      | Reached skill level 5 in Dodging
  2838 | D:4      | Reached skill level 5 in Fighting
  2855 | D:4      | Reached skill level 5 in Stealth
  3214 | D:4      | Reached XP level 7. HP: 50/50 MP: 7/7
  3352 | D:4      | Got a dazzling large shield
  3360 | D:4      | Identified the +3 large shield "Immegg" {rN+ MR- Dex+2 Stlth+} (You found it on level 4 of the Dungeon)
  3368 | D:4      | Noticed Curus's ghost (novice MiFi)
  3373 | D:4      | Found a bloodstained altar of Trog.
  3375 | D:4      | Found an ancient bone altar of Kikubaaqudgha.
  3389 | D:4      | Found a snail-covered altar of Cheibriados.
  3392 | D:4      | Found a basalt altar of Yredelemnul.
  3396 | D:4      | Became a worshipper of Yredelemnul the Dark
  3396 | D:4      | Reached * piety under Yredelemnul
  3396 | D:4      | Reached ** piety under Yredelemnul
  3550 | D:4      | Found a runed door.
  3554 | D:4      | Noticed Crazy Yiuf
  3561 | D:4      | Killed Crazy Yiuf
  3742 | D:4      | Your ally Crazy Yiuf died
  3817 | D:5      | Entered Level 5 of the Dungeon
  4030 | D:5      | Reached skill level 1 in Shields
  4037 | D:5      | Reached skill level 6 in Dodging
  4134 | D:5      | HP: 2/51 [orc priest/nerve-wracking pain (7)]
  4135 | D:5      | Killed from afar by an orc priest

Skill      XL: |  1  2  3  4  5  6  7 |
---------------+----------------------+-----
Stealth        | 3 4 5 |  5.8
Dodging        | 4 5 6 |  6.0
Fighting       | 4 5 |  5.9
Shields        | 1 |  1.2
Short Blades   | |  3.0

Action                   |  1- 3 |  4- 6 |  7- 9 || total
-------------------------+-------+-------+-------++-------
Melee: Short sword       |    67 |    15 |       ||    82
       Constrict         |    17 |    27 |     9 ||    53
       Tentacles         |    11 |    24 |    12 ||    47
       Halberd           |       |    99 |     2 ||   101
       Dagger            |       |       |    45 ||    45
Invok: Animate Remains   |       |       |     1 ||     1
  Use: Scroll            |       |       |     2 ||     2
 Stab: Sleeping          |    13 |     6 |     3 ||    22
       Distracted        |       |     1 |     1 ||     2
  Eat: Chunk             |       |     7 |     4 ||    11
Armor: Skin              |     8 |    28 |     2 ||    38
Dodge: Dodged            |    39 |   100 |    12 ||   151
Block: Large shield      |       |       |    22 ||    22
